 Dungeon Crawl Stone Soup version 0.18-a0-1811-g3a71842 (webtiles) character file.

1661 frankiefran the Ducker (level 8, 50/74 HPs)
             Began as a Troll Earth Elementalist on Apr 25, 2016.
             Was a Follower of Yredelemnul.
             Starved to death
             ... on level 5 of the Dungeon on Apr 27, 2016.
             The game lasted 01:07:15 (4596 turns).

frankiefran the Ducker (Troll Earth Elementalist)   Turns: 4596, Time: 01:07:16

Health: 50/74      AC:  8    Str: 18    XL:     8   Next: 69%
Magic:  11/11      EV: 11    Int: 12    God:    Yredelemnul [*.....]
Gold:   348        SH:  0    Dex: 10    Spells: 4 memorised, 3 levels left

rFire  . . .     SeeInvis .     d - +3 quarterstaff (chaos)
rCold  . . .     Gourm    +     a - +1 robe
rNeg   . . .     Faith    .     (shield currently unavailable)
rPois  .         Spirit   .     (helmet restricted)
rElec  .         Dismiss  .     f - +1 cloak
rCorr  .         Reflect  .     (gloves unavailable)
SustAt .         Harm     .     (boots unavailable)
MR     .....                    l - amulet of regeneration
Stlth  +.........               (no ring)
                                j - ring of wizardry

@: fainting, not resistant to hostile enchantments, very unstealthy
A: unfitting armour, claws 3, fast metabolism 3, gourmand, regeneration 2,
shaggy fur 1, tough skin 2
a: Animate Remains, Renounce Religion


You were on level 5 of the Dungeon.
You worshipped Yredelemnul.
Yredelemnul was aware of your devotion.
You were fainting.

You visited 2 branches of the dungeon, and saw 6 of its levels.

You collected 348 gold pieces.

Inventory:

Hand Weapons
 d - a +3 quarterstaff of chaos (weapon)
 g - a +0 spear
 n - a +0 whip of freezing
 o - a +0 mace of protection
 s - a +0 dagger of flaming
 u - a +1 antimagic flail
 A - a +2 dagger of flaming
Missiles
 b - 100 stones (quivered)
Armour
 a - a +1 robe (worn)
 f - a +1 cloak (worn)
Jewellery
 i - an uncursed ring of flight {unknown}
 j - a ring of wizardry (left claw)
 k - a cursed -3 ring of strength {unknown}
 l - an amulet of regeneration (around neck)
 m - an uncursed amulet of inaccuracy
 w - an uncursed ring of fire {unknown}
 y - a +5 ring of evasion {unknown}
Wands
 q - a wand of digging (12/24)
 r - a wand of paralysis (10/24)
 C - a wand of confusion (15/48)
Scrolls
 e - 3 scrolls of remove curse
 h - 3 scrolls of identify
 B - a scroll of amnesia
Potions
 p - a potion of flight
 t - a potion of degeneration {unknown}
 v - a potion of lignification
 x - 2 potions of agility
 z - 2 potions of might
Books
 c - a book of Geomancy

   Spells                             Type                      Level
   a - Sandblast                      Earth                        1
   b - Passwall                       Transmutation/Earth          2
   c - Stone Arrow                    Conjuration/Earth            3
   d - Petrify                        Transmutation/Earth          4
   e - Lee's Rapid Deconstruction     Earth                        5


   Skills:
 + Level 2.6 Fighting
 + Level 2.7 Staves
 + Level 5.7 Dodging
 - Level 1.1 Stealth
 + Level 3.0 Spellcasting
 + Level 1.9 Conjurations
 + Level 0.6 Transmutations
 + Level 5.1 Earth Magic


You had 3 spell levels left.
You knew the following spells:

 Your Spells              Type           Power        Failure   Level  Hunger
a - Sandblast             Erth           ##....       1%          1    #......
b - Stone Arrow           Conj/Erth      ##....       9%          3    ###....
c - Petrify               Trmt/Erth      #.......     45%         4    #####..
d - Passwall              Trmt/Erth      #.........   4%          2    ###....


Dungeon Overview and Level Annotations

Branches:
Dungeon (5/15)             Temple (1/1) D:5

Altars:
Ashenzari
Cheibriados
Elyvilon
Fedhas
Gozag
Kikubaaqudgha
Okawaru
Qazlal
Ru
Sif Muna
Trog
Vehumet
Xom
Yredelemnul
The Shining One


Innate Abilities, Weirdness & Mutations

You are too large for most types of armour.
You have claws for hands.
Your metabolism is lightning-fast.
You like to eat raw meat.
You heal very quickly.
You are covered in fur (AC +1).
You have very tough skin (AC +2).


Message History

You kill the gnoll!
Yredelemnul accepts your kill.
The gnoll hits you from afar with a spear!
The gnoll closely misses you.
Items here: ))) [ †† The gnoll hits you with a spear.
You hit the gnoll but do no damage. The gnoll hits you with a spear.
You sock the gnoll! You burn the gnoll.
You kill the gnoll!
Yredelemnul accepts your kill.
You see here a spear.
Items here: ))) [ ††
There is a stone staircase leading up here.
Things that are here:
a robe x2; a dagger
Things that are here:
a chain mail; a short sword You have starved to death.
You die...
Your body rises from the dead as a mindless zombie.

.....#
##.###.#########
.###.######
#..............###
...#......#
#..#.#.#######....
.########.#
####.#...####...#.###
g..# #.#
#<.....#........#.#
.#.# #.#
#.##.##.#####...#.#
...### #.# #)##[##.#
#.# .###.####.#
#.##.##.# #.#
.....)...<###)##@##.#
#.#
...[)####.[..[...#...
#.# #...##
#.....####.#. ....###
####### . . ......#
## ## #...#.# #
##....# #.
#...############
#.###
##..#.##.[(.....#
#....


There were no monsters in sight!

Vanquished Creatures
  Pikel (D:5)
  The ghost of Kenran the Conjurer, an amateur DECj (D:5)
  Eustachio (D:5)
  2 slaves (D:5)
  An ogre (D:4)
  A big kobold (D:5)
  A giant frog zombie (D:5)
  A jelly (D:5)
  An orc priest (D:3)
  Crazy Yiuf (D:3)
  2 gnoll shamans (D:5)
  2 hounds
  2 orc wizards (D:5)
  Terence (D:2)
  An iguana (D:4)
  4 worker ants (D:4)
  Robin (D:2)
  A hound skeleton (D:4)
  11 gnolls (D:5)
  4 adders
  2 shadow imps (D:5)
  An ooze (D:1)
  An adder skeleton (D:4)
  4 worms
  3 dart slugs
  6 giant geckos
  24 orcs
  5 giant cockroaches
  13 goblins
  12 hobgoblins
  2 quokkas
  A ball python (D:5)
  4 bats
  A giant gecko skeleton (D:5)
  2 giant newts
  A jackal skeleton (D:4)
  A jackal zombie (D:5)
  12 kobolds
  10 rats
145 creatures vanquished.

Vanquished Creatures (others)
  A centaur (D:5)
  A crimson imp (D:5)
  An orc priest (D:5)
  A gnoll (D:5)
  4 orcs (D:5)
8 creatures vanquished.

Grand Total: 153 creatures vanquished

Notes
Turn   | Place    | Note
--------------------------------------------------------------
     0 | D:1      | frankiefran the Troll Earth Elementalist began the quest for the Orb.
     0 | D:1      | Reached XP level 1. HP: 16/16 MP: 1/1
    95 | D:1      | Reached XP level 2. HP: 22/24 MP: 0/2
   647 | D:1      | Reached XP level 3. HP: 30/31 MP: 4/4
   652 | D:1      | Learned a level 3 spell: Stone Arrow
   916 | D:2      | Found a blossoming altar of Fedhas.
  1007 | D:2      | Noticed Terence
  1098 | D:2      | Killed Terence
  1273 | D:2      | Reached XP level 4. HP: 40/40 MP: 0/5
  1406 | D:2      | Found a radiant altar of Vehumet.
  1520 | D:2      | Found a stormy altar of Qazlal.
  1606 | D:2      | Found a shattered altar of Ashenzari.
  1679 | D:2      | Reached skill level 1 in Fighting
  1834 | D:3      | Noticed Crazy Yiuf
  2044 | D:3      | Noticed Robin
  2177 | D:2      | Killed Robin
  2177 | D:2      | Reached XP level 5. HP: 30/48 MP: 2/6
  2201 | D:2      | Learned a level 3 spell: Stone Arrow
  2762 | D:3      | HP: 2/48 [worm (9)]
  2772 | D:3      | Killed Crazy Yiuf
  2896 | D:4      | Reached XP level 6. HP: 47/55 MP: 3/8
  3190 | D:4      | Found a basalt altar of Yredelemnul.
  3193 | D:4      | Noticed a profane servitor
  3199 | D:4      | Became a worshipper of Yredelemnul the Dark
  3214 | D:4      | Found a glowing golden altar of the Shining One.
  3217 | D:4      | Noticed an angel
  3567 | D:5      | Entered Level 5 of the Dungeon
  3568 | D:5      | Upgraded the game from 0.18-a0-1804-g0930707 to 0.18-a0-1811-g3a71842
  3584 | D:5      | Noticed a slave
  3585 | D:5      | Noticed Pikel
  3596 | D:5      | Killed a slave
  3601 | D:5      | Noticed a slave
  3602 | D:5      | Noticed a slave
  3603 | D:5      | Noticed a slave
  3611 | D:5      | Noticed Kenran's ghost (amateur DECj)
  3618 | D:5      | HP: 4/82 [Pikel/whip of freezing (2)]
  3631 | D:5      | Killed Pikel
  3631 | D:5      | Reached skill level 1 in Staves
  3631 | D:5      | Reached skill level 1 in Conjurations
  3631 | D:5      | Reached XP level 7. HP: 19/65 MP: 3/9
  3643 | D:5      | Killed Kenran's ghost
  3643 | D:5      | Reached skill level 5 in Dodging
  3643 | D:5      | Reached XP level 8. HP: 25/72 MP: 1/11
  3660 | D:5      | Learned a level 4 spell: Petrify
  3665 | D:5      | Learned a level 2 spell: Passwall
  3694 | D:5      | Found a shattered altar of Ashenzari.
  3694 | D:5      | Noticed Eustachio
  3745 | D:5      | Killed Eustachio
  3745 | D:5      | Reached skill level 5 in Earth Magic
  3919 | D:5      | Found an opulent altar of Gozag.
  4006 | D:5      | Reached * piety under Yredelemnul
  4306 | D:5      | Found a staircase to the Ecumenical Temple.
  4312 | Temple   | Entered the Ecumenical Temple
  4431 | D:5      | Found a sacrificial altar of Ru.
  4596 | D:5      | Starved to death

Vault maps used:
D:1:      lightli_arrival_boilingwater, serial_bayou_pond_c,
          kennysheep_decorative_pillar
D:2:      vehumet_crystals, overflow_temple_1_default, old_standard_altar,
          lemuel_doored_altar, uniq_terence
D:3:      uniq_crazy_yiuf_cottage, uniq_robin
D:4:      kennysheep_big_flooded_room, grunt_temple_overflow_holy_war,
          first_bread
D:5:      nicolae_gozag_cash_rules_everything_around_me,
          nicolae_ru_sacrificial_ziggurat, minmay_temple_entry_fiery,
          cheibrodos_ashenzari_chains, uniq_eustachio, uniq_pikel
Temple:   temple_island_7

Skill      XL: |  1  2  3  4  5  6  7  8 |
---------------+-------------------------+-----
Earth Magic    | 3 4 5 |  5.1
Dodging        | 2 3 4 5 |  5.7
Fighting       | 1 2 |  2.6
Spellcasting   | 2 3 |  3.0
Staves         | 1 2 |  2.7
Conjurations   | 1 |  1.9
Stealth        | |  1.1
Transmutations | |  0.6

Action                   |  1- 3 |  4- 6 |  7- 9 || total
-------------------------+-------+-------+-------++-------
Melee: Unarmed           |     4 |       |       ||     4
       Spear             |    26 |       |       ||    26
       Mace              |    76 |   291 |       ||   367
       Quarterstaff      |       |    64 |   161 ||   225
 Cast: Sandblast         |    26 |    23 |    10 ||    59
       Stone Arrow       |     4 |    32 |    16 ||    52
       Passwall          |       |       |     1 ||     1
  Use: Scroll            |       |     6 |       ||     6
       Potion            |       |    11 |       ||    11
 Stab: Distracted        |       |     1 |       ||     1
       Sleeping          |       |     1 |       ||     1
       Petrified         |       |     4 |       ||     4
       Paralysed         |       |     1 |       ||     1
  Eat: Meat ration       |     1 |     1 |       ||     2
       Fruit             |     1 |       |     1 ||     2
       Bread ration      |     1 |     5 |     2 ||     8
       Royal jelly       |       |     1 |       ||     1
       Beef jerky        |       |     1 |       ||     1
Armor: Robe              |    53 |   159 |    82 ||   294
       Skin              |       |    77 |     6 ||    83
Dodge: Dodged            |    56 |   196 |   114 ||   366
